 Dungeon Crawl Stone Soup version 0.28.0-45-g0d030f2227 (webtiles) character file.

Game seed: 16521943860320757074

3123 101zpm the Magician (level 9, -1/66 HPs)
             Began as a Gnoll Air Elementalist on Apr 22, 2022.
             Slain by an orc warrior
             ... wielding a +0 war axe
              (11 damage)
             ... on level 7 of the Dungeon.
             The game lasted 00:36:24 (9853 turns).

101zpm the Magician (Gnoll Air Elementalist)        Turns: 9853, Time: 00:36:24

Health: -1/66      AC:  3    Str:  9    XL:     9   Next: 91%
Magic:  0/19       EV: 14    Int: 18    God:
Gold:   321        SH:  0    Dex: 12    Spells: 4/21 levels left

rFire   + . .      SeeInvis .   q - +1 flail (holy)
rCold   + . .      Faith    .   (no shield)
rNeg    + . .      Spirit   .   d - +1 robe of Sorcery {Contam rF+ rC+ rN+}
rPois   .          Reflect  .   (no helmet)
rElec   .          Harm     .   (no cloak)
rCorr   .          Rampage  .   (no gloves)
Will    .....                   (no boots)
Stlth   +++.......              (no amulet)
HPRegen 0.21/turn               c - ring of wizardry
MPRegen 0.16/turn               (no ring)

@: freezing walls
A: fangs 1, strong nose, distributed training
a: no special abilities


You were on level 7 of the Dungeon.
You visited 2 branches of the dungeon, and saw 10 of its levels.
You also visited: Ossuary.

You collected 321 gold pieces.

Inventory:

Hand Weapons
 q - a +1 flail of holy wrath (weapon)
Missiles
 z - 27 stones
Armour
 d - the +1 robe of Sorcery (worn) {Contam rF+ rC+ rN+}
   (You found it on level 3 of the Dungeon)

   rF:        It protects you from fire.
   rC:        It protects you from cold.
   rN:        It protects you from negative energy.
   Contam:    It causes magical contamination when unequipped.
Magical Staves
 b - a staff of poison
Jewellery
 c - a ring of wizardry (left hand)
 r - a ring of protection from cold
 s - a ring of protection from fire
Wands
 a - a wand of iceblast (5)
 e - a wand of acid (7)
 u - a wand of flame (53)
 v - a wand of mindburst (5)
Scrolls
 h - 5 scrolls of teleportation
 j - a scroll of immolation
 l - a scroll of enchant armour
 m - 2 scrolls of enchant weapon
 o - 2 scrolls of summoning {unknown}
 w - 2 scrolls of blinking {unknown}
 y - 2 scrolls of identify
Potions
 f - 9 potions of heal wounds
 g - 2 potions of lignification {unknown}
 i - a potion of cancellation {unknown}
 k - 2 potions of mutation {unknown}
 n - a potion of resistance {unknown}
 p - a potion of degeneration {unknown}
 t - 4 potions of curing {unknown}
 x - a potion of haste {unknown}


   Skills:
 + Level 4.7 Fighting
 + Level 4.7 Short Blades
 + Level 4.7 Long Blades
 + Level 4.7 Axes
 + Level 4.7 Maces & Flails
 + Level 4.7 Polearms
 + Level 4.7 Staves
 + Level 4.7 Slings
 + Level 4.7 Bows
 + Level 4.7 Crossbows
 + Level 4.7 Throwing
 + Level 4.7 Armour
 + Level 6.6 Dodging
 + Level 6.3 Stealth
 + Level 4.7 Shields
 + Level 4.7 Unarmed Combat
 + Level 6.9 Spellcasting
 + Level 4.5 Conjurations
 + Level 3.9 Hexes
 + Level 3.9 Summonings
 + Level 3.9 Necromancy
 + Level 3.9 Translocations
 + Level 3.9 Transmutations
 + Level 3.9 Fire Magic
 + Level 3.9 Ice Magic
 + Level 6.8 Air Magic
 + Level 3.9 Earth Magic
 + Level 3.9 Poison Magic
 + Level 5.2 Invocations
 + Level 4.7 Evocations


You had 4 spell levels left.
You knew the following spells:

 Your Spells              Type           Power      Damage    Failure   Level
a - Shock                 Conj/Air       100%       1d9       1%          1
b - Frozen Ramparts       Ice            40%        1d6       2%          3
c - Swiftness             Air            30%        N/A       1%          3
d - Static Discharge      Conj/Air       26%        N/A       1%          2
e - Airstrike             Air            15%        N/A       2%          4
f - Summon Ice Beast      Ice/Summ       20%        N/A       9%          4

Your spell library contained the following spells:

 Spells                   Type           Power      Damage    Failure   Level
 Blink                    Tloc           40%        N/A       1%          2
 Ice Form                 Ice/Tmut       20%        N/A       9%          4
 Manifold Assault         Tloc           20%        N/A       24%         5
 Storm Form               Tmut/Air       12%        N/A       98%         7


Dungeon Overview and Level Annotations

Branches:
Dungeon (9/15)             Temple (1/1) D:7         Ossuary (visited)
   Lair: D:8-11         Orc: D:9-12

Altars:
Ashenzari
Cheibriados
Dithmenos
Elyvilon
Fedhas
Gozag
Hepliaklqana
Kikubaaqudgha
Makhleb
Nemelex Xobeh
Qazlal
Ru
Sif Muna
Trog
Uskayaw
Vehumet
Wu Jian
Xom
Yredelemnul
Zin
The Shining One

Shops:
D:6 =*([(

Annotations:
D:8 Joseph


Innate Abilities, Weirdness & Mutations

You have very sharp teeth.
Your uncanny sense of smell can sniff out nearby items.
Your experience applies equally to all skills.


Message History

Confirm with . or Enter, or press ? or * to list all spells.
Casting: Frozen Ramparts (dangerous; 2% risk of failure)
Press: ? - help, Dir - look around, f - activate The walls around you are covered in ice.
The wight resists.
The wall freezes the wight.
The wight completely resists.
The wall freezes the wight but does no damage.
The wall freezes the orc warrior.
The orc warrior hits you with a +0 war axe!
Aiming: Shock (safe; 1% risk of failure)
Press: ? - help, Q - select action, (/) - cycle Shift-Dir - straight line, f - wight
Aim: a wight, wielding a +4 flail and wearing a +0 robe (74% to hit)
The zap hits the wight.
The wight is lightly damaged.
The zap hits the wight.
The wight is lightly damaged.
The zap hits the wight.
The wight is moderately damaged.
The zap hits the wight.
The wight is lightly damaged.
The wight completely resists.
The wall freezes the wight but does no damage.
The wight misses you.
The wight completely resists.
The wall freezes the wight but does no damage.
The wight misses you.
The wall freezes the orc warrior.
The orc warrior hits you with a +0 war axe!
* * * LOW HITPOINT WARNING * * *
Casting: Shock (safe; 1% risk of failure)
Confirm with . or Enter, or press ? or * to list all spells.
Okay, then.
Casting: Shock (safe; 1% risk of failure)
Confirm with . or Enter, or press ? or * to list all spells.
The wight is struck by an arc of lightning.
The wight is heavily damaged.
The lightning grounds out.
The wight completely resists.
The wall freezes the wight but does no damage.
The wight closely misses you.
The wight completely resists.
The wall freezes the wight but does no damage.
The wight barely misses you.
The wall freezes the orc warrior.
The orc warrior hits you with a +0 war axe!
You die...

.... #.#
####. #.
########.#
#. #.
#....>...#
.. #.
#.########
## #z #.#
#z #.# #z
#.#
#z#####.#
#.@o....#
#########


You could see an orc warrior and 4 wights.

Vanquished Creatures
  Pikel (D:4)
  A hornet (D:8)
  A steam dragon (D:6)
  Edmund (D:4)
  2 water moccasins
  An ice beast (D:6)
  4 ogres
  A phantom (D:6)
  2 kobold brigands
  2 elf zombies (Ossuary)
  A gnoll sergeant (D:8)
  A bullfrog (D:8)
  A scorpion (D:7)
  A water moccasin zombie (D:4)
  A water moccasin skeleton (D:4)
  A wight (D:7)
  A crimson imp (D:5)
  3 centaur zombies
  A jelly (D:3)
  6 orc priests
  2 human zombies (Ossuary)
  Ijyb (D:4)
  2 bullfrog skeletons
  A gnoll shaman (D:6)
  2 orc wizards
  A killer bee zombie (D:8)
  A hound skeleton (D:5)
  A hound zombie (D:5)
  3 mummies
  A howler monkey zombie (D:6)
  10 gnolls
  4 adders
  3 white imps
  2 ufetubi
  An adder skeleton (D:4)
  3 adder zombies
  A worm (D:2)
  3 dart slugs
  5 orcs
  6 bats
  7 endoplasms
  2 giant cockroaches
  8 goblins
  3 hobgoblins
  2 jackals (D:3)
  7 kobolds
  2 quokkas
  8 ball pythons
  3 frilled lizards
  A goblin zombie (Ossuary)
  7 hobgoblin zombies (Ossuary)
  A jackal zombie (Ossuary)
  11 kobold zombies (Ossuary)
  8 orc zombies (Ossuary)
  5 rats
  A rat zombie (Ossuary)
162 creatures vanquished.

Vanquished Creatures (collateral kills)
  A centaur zombie (D:7)
1 creature vanquished.

Grand Total: 163 creatures vanquished

Notes
Turn   | Place    | Note
-------+----------+-------------------------------------------
     0 | D:1      | 101zpm the Gnoll Air Elementalist began the quest for the
                  | Orb.
     0 | D:1      | Reached XP level 1. HP: 13/13 MP: 6/6
   338 | D:3      | Reached XP level 2. HP: 19/19 MP: 3/7
   493 | D:3      | Identified the +1 robe of Sorcery {Contam rF+ rC+ rN+}
   727 | D:3      | Reached XP level 3. HP: 25/25 MP: 7/9
   731 | D:3      | Learned a level 3 spell: Frozen Ramparts
   735 | D:3      | Learned a level 3 spell: Swiftness
   738 | D:3      | Learned a level 2 spell: Static Discharge
   797 | D:3      | Found a hide-covered altar of Uskayaw.
   805 | D:3      | Reached skill level 1 in Fighting
   805 | D:3      | Reached skill level 1 in Short Blades
   805 | D:3      | Reached skill level 1 in Long Blades
   805 | D:3      | Reached skill level 1 in Axes
   805 | D:3      | Reached skill level 1 in Maces & Flails
   805 | D:3      | Reached skill level 1 in Polearms
   805 | D:3      | Reached skill level 1 in Staves
   805 | D:3      | Reached skill level 1 in Slings
   805 | D:3      | Reached skill level 1 in Bows
   805 | D:3      | Reached skill level 1 in Crossbows
   805 | D:3      | Reached skill level 1 in Throwing
   805 | D:3      | Reached skill level 1 in Armour
   805 | D:3      | Reached skill level 1 in Shields
   805 | D:3      | Reached skill level 1 in Unarmed Combat
   805 | D:3      | Reached skill level 5 in Spellcasting
   805 | D:3      | Reached skill level 1 in Invocations
   805 | D:3      | Reached skill level 1 in Evocations
   978 | D:3      | Reached XP level 4. HP: 32/32 MP: 8/11
   983 | D:3      | Learned a level 4 spell: Airstrike
  1195 | D:2      | You fall into a shaft and drop 2 floors!
  1220 | D:5      | Entered Level 5 of the Dungeon
  1220 | D:5      | Noticed an ogre
  1223 | D:4      | Noticed Ijyb
  1240 | D:4      | Killed Ijyb
  1241 | D:4      | Reached skill level 1 in Hexes
  1241 | D:4      | Reached skill level 1 in Summonings
  1241 | D:4      | Reached skill level 1 in Necromancy
  1241 | D:4      | Reached skill level 1 in Translocations
  1241 | D:4      | Reached skill level 1 in Transmutations
  1241 | D:4      | Reached skill level 1 in Fire Magic
  1241 | D:4      | Reached skill level 1 in Ice Magic
  1241 | D:4      | Reached skill level 1 in Earth Magic
  1241 | D:4      | Reached skill level 1 in Poison Magic
  1578 | D:4      | Reached XP level 5. HP: 33/37 MP: 0/12
  1740 | D:4      | Noticed a lemure
  2858 | D:1      | Found a faded altar of an unknown god.
  3474 | D:4      | Noticed a kobold brigand
  3482 | D:4      | Reached XP level 6. HP: 37/44 MP: 1/13
  3590 | D:4      | Reached skill level 5 in Dodging
  3806 | D:4      | Noticed Edmund
  3962 | D:4      | Noticed Pikel
  4248 | D:4      | Killed Edmund
  4526 | D:4      | Reached XP level 7. HP: 51/51 MP: 2/15
  5017 | D:5      | Learned a level 4 spell: Summon Ice Beast
  5311 | D:5      | Reached skill level 5 in Stealth
  6075 | D:4      | Killed Pikel
  6076 | D:4      | Reached XP level 8. HP: 39/58 MP: 3/17
  6256 | D:6      | Found Komiss's Weapon Shoppe.
  6532 | D:6      | Found Sunwy's Antique Armour Emporium.
  7138 | D:6      | Found Ibreas's Weapon Boutique.
  7258 | D:6      | Found Xarocias's Assorted Antiques.
  7268 | D:6      | Reached XP level 9. HP: 65/65 MP: 8/18
  7391 | D:6      | Found Nohesch's Jewellery Shoppe.
  7449 | D:6      | Found a shimmering blue altar of Sif Muna.
  8280 | D:8      | Noticed Joseph
  8656 | D:8      | Found a sand-covered staircase.
  8664 | Ossuary  | Entered an ossuary
  9231 | D:8      | Noticed a hornet
  9237 | D:8      | Killed a hornet
  9238 | D:8      | Reached skill level 5 in Invocations
  9510 | D:7      | Found a staircase to the Ecumenical Temple.
  9516 | Temple   | Entered the Ecumenical Temple
  9853 | D:7      | Slain by an orc warrior

Illustrated notes

Levels and vault maps discovered:
D:1:      minmay_arrival_five_plusses, layout_basic,
          ebering_ecumenical_altar_mist, minivault_23
D:2:      layout_loops_cross
D:3:      layout_loops_ring, nicolae_uskayaw_dance_hall, serial_glass,
          glass_columns_c, glass_columns_a, minmay_tree_intersection,
          skrybe_limestone_x
D:4:      layout_basic, portal_sewer_entry_d, uniq_edmund, uniq_pikel, uniq_ijyb
D:5:      layout_cave_pools, minmay_fire_ice_demons
D:6:      layout_rooms, led_sif_pool, serial_shops, shop,
          nicolae_shop_advertising_works [nicolae_subvault_shop_adworks], shop,
          nicolae_stop_n_shop_2, nicolae_shop_hallway_stairs
D:7:      minmay_blocky_corners, layout_loops_ring, okawaru_ov_weapons_minmay,
          minmay_temple_entry_fiery, pf_guarded_unrand_meek, uniq_harold
D:8:      layout_basic, gup_ossuary_entry_pyramid, uniq_joseph
D:9:      layout_cross, serial_shops, shop
Temple:   mainiacjoe_temple_bowtie_tessellation

Skill      XL: |  1  2  3  4  5  6  7  8  9 |
---------------+----------------------------+-----
Conjurations   | 2 3 4 |  4.5
Fighting       | 1 2 3 4 |  4.7
Short Blades   | 1 2 3 4 |  4.7
Long Blades    | 1 2 3 4 |  4.7
Axes           | 1 2 3 4 |  4.7
Maces & Flails | 1 2 3 4 |  4.7
Polearms       | 1 2 3 4 |  4.7
Staves         | 1 2 3 4 |  4.7
Slings         | 1 2 3 4 |  4.7
Bows           | 1 2 3 4 |  4.7
Crossbows      | 1 2 3 4 |  4.7
Throwing       | 1 2 3 4 |  4.7
Armour         | 1 2 3 4 |  4.7
Shields        | 1 2 3 4 |  4.7
Unarmed Combat | 1 2 3 4 |  4.7
Spellcasting   | 5 6 |  6.9
Invocations    | 1 2 3 4 5 |  5.2
Evocations     | 1 2 3 4 |  4.7
Hexes          | 1 2 3 |  3.9
Summonings     | 1 2 3 |  3.9
Necromancy     | 1 2 3 |  3.9
Translocations | 1 2 3 |  3.9
Transmutations | 1 2 3 |  3.9
Fire Magic     | 1 2 3 |  3.9
Ice Magic      | 1 2 3 |  3.9
Earth Magic    | 1 2 3 |  3.9
Poison Magic   | 1 2 3 |  3.9
Dodging        | 5 6 |  6.6
Stealth        | 5 6 |  6.3
Air Magic      | 6 |  6.8

Action                   |  1- 3 |  4- 6 |  7- 9 || total
-------------------------+-------+-------+-------++-------
Melee: Staff             |       |     3 |       ||     3
       Flail             |       |       |    70 ||    70
       Punch             |       |       |     7 ||     7
       Bite              |       |       |     5 ||     5
 Cast: Shock             |    38 |   103 |    73 ||   214
       Frozen Ramparts   |       |     7 |     8 ||    15
       Airstrike         |       |    10 |    76 ||    86
       Summon Ice Beast  |       |       |     3 ||     3
       Static Discharge  |       |       |     3 ||     3
  Use: Scroll            |       |       |     5 ||     5
Armor: Robe              |       |     2 |    17 ||    19
Dodge: Dodged            |     2 |    11 |    83 ||    96
